AoeStats
← K

Arabia

508743417Analyzed
4v4 RM · 10d ago on Sep 23, 2026· 24m 44s· 8 players
Game mode
Random Map
Map size
Large (8 player)
Population
200
Speed
Normal
Resources
Standard
Victory
Conquest
Starting age
Dark Age
Ending age
Imperial Age
RankedLock teamsTeams togetherTeam positionsShared explorationLock speedFull tech treeHidden civsTurbo modeCheats
Victory
Defeat
🇹🇷 Turks · Türkiye
1387
+9
🇨🇳 Tatars · China
1207
+16
🇹🇷 Bulgarians · Türkiye
1194
+17
🇬🇧 Huns · United Kingdom
1179
+16
🇺🇸 Aztecs · United States
1250
-16
🇭🇺 Japanese · Hungary
1222
-15
🇹🇷 Ethiopians · Türkiye
1200
-14
🇫🇷 Burgundians · France
1171
-13
Szanik
7:24 Loom
10:47 Feudal Age
11:55 Horse Collar
12:33 Double-Bit Axe
17:54 Wheelbarrow
18:01 Fletching
18:12 Padded Archer Armor
22:43 Castle Age
22:26 Gold Mining
22:27 Stone Mining
22:49 Crossbowman
Maverick8564
9:10 Loom
10:55 Feudal Age
15:08 Castle Age
13:50 Double-Bit Axe
13:52 Horse Collar
16:16 Bow Saw
18:11 Wheelbarrow
18:13 Heavy Plow
21:43 Pikeman
23:22 Squires
23:15 Fletching
25:16 Forging
TheAurelSan
8:20 Loom
10:26 Feudal Age
22:37 Castle Age
21:35 Gold Mining
21:33 Double-Bit Axe
22:50 Wheelbarrow
22:32 Forging
23:08 Scale Barding Armor
22:39 Cavalier
smyracula
5:11 Loom
9:48 Feudal Age
17:00 Fletching
25:22 Castle Age
Hekimoglu
7:13 Loom
11:13 Feudal Age
11:42 Double-Bit Axe
11:39 Horse Collar
11:40 Fishing Lines
15:03 Wheelbarrow
17:11 Bloodlines
18:22 Scale Barding Armor
23:27 Castle Age
22:35 Forging
22:49 Town Watch
24:40 Chain Barding Armor
24:22 Husbandry
25:17 Iron Casting
25:00 Bow Saw
EşrefÇift
5:45 Loom
11:01 Feudal Age
12:16 Double-Bit Axe
14:22 Wheelbarrow
15:41 Scale Mail Armor
16:22 Forging
17:39 Horse Collar
27:05 Castle Age
K
10:18 Feudal Age
16:29 Castle Age
15:23 Gold Mining
15:57 Scale Mail Armor
18:13 Chain Mail Armor
21:22 Loom
24:15 Double-Bit Axe
HajimiManbo
10:38 Feudal Age
8:55 Loom
16:00 Castle Age
14:13 Double-Bit Axe
15:17 Horse Collar
17:45 Wheelbarrow
17:36 Bow Saw
19:59 Scale Barding Armor
20:04 Forging
20:06 Bloodlines
23:39 Forging
24:35 Heavy Plow
Connection lost

Rejoining the realm…

Still unreachable

The connection could not be restored.

Session expired

The server has moved on; the page needs a fresh start.